Map: Jagannatha LE

Players

MaxPax - Winner!

  • Race: Protoss Protoss

Gerald

  • Race: Protoss Protoss

Event: DreamHack SC2 Masters 2021 Fall

VOD

Have the link to the VOD?

Description

Time

  • Played on: July 28, 2021, 2:29 p.m.
  • Length: 23:51

All games in this series

Show
View Real Time Build Order
Export as new Build Order

MaxPax Protoss - Winner!

Build Orders: Oracle Opening, Carriers 

Get SALT Encoding   

  12  0:00  Probe  
  13  0:12  Probe  
  14  0:20  Pylon  
  14  0:24  Probe  
  15  0:38  Probe (Chrono Boost)  
  15  0:40  Gateway  
  16  0:47  Probe (Chrono Boost)  
  16  0:48  Assimilator  
  17  0:52  Probe (Chrono Boost)  
  17  0:56  Assimilator  
  18  1:04  Probe (Chrono Boost)  
  18  1:06  Pylon  
  19  1:16  Probe (Chrono Boost)  
  20  1:20  Probe (Chrono Boost)  
  21  1:28  Cybernetics Core  
  21  1:31  Probe  
  22  1:38  Zealot  
  24  1:44  Probe  
  25  1:56  Probe  
  26  2:04  Adept (Chrono Boost)  
  26  2:06  Stargate  
  28  2:11  Probe  
  29  2:16  Pylon  
  29  2:17  Warp Gate  
  29  2:24  Probe  
  30  2:34  Stalker  
  30  2:36  Probe  
  33  2:48  Probe  
  33  2:53  Oracle (Chrono Boost)  
  36  3:01  Shield Battery  
  36  3:17  Pylon  
  36  3:26  Nexus  
  36  3:29  Void Ray  
  36  3:39  Probe  
  41  3:49  Twilight Council  
  41  3:53  Stalker  
  44  3:58  Shield Battery  
  44  4:01  Probe  
  44  4:12  Gateway  
  44  4:13  Probe  
  45  4:22  Forge  
  45  4:24  Blink (Chrono Boost)  
  45  4:25  Probe  
  46  4:37  Probe  
  47  4:40  Stalker, Probe  
  50  4:49  Probe  
  50  4:51  Gateway  
  50  4:52  Probe  
  52  5:02  Probe  
  52  5:04  Probe  
  54  5:10  Stalker  
  54  5:12  Pylon  
  54  5:14  Probe  
  55  5:17  Probe  
  56  5:26  Probe  
  57  5:29  Probe  
  57  5:30  Protoss Ground Weapons Level 1 (Chrono Boost)  
  58  5:38  Stalker  
  58  5:40  Sentry  
  58  5:41  Nexus, Probe  
  63  5:43  Pylon  
  63  5:46  Probe  
  63  5:48  Pylon  
  64  5:52  Assimilator  
  64  5:53  Probe  
  65  5:59  Probe  
  66  6:05  Gateway, Probe  
  66  6:06  Shield Battery  
  66  6:10  Stalker  
  66  6:11  Probe  
  70  6:17  Probe  
  71  6:19  Assimilator  
  71  6:20  Pylon  
  71  6:23  Probe  
  71  6:25  Charge  
  72  6:29  Probe  
  73  6:33  Stalker x2  
  73  6:35  Probe  
  78  6:41  Probe  
  78  6:42  Dark Shrine  
  78  6:46  Robotics Facility  
  79  6:47  Probe  
  79  6:53  Probe (Chrono Boost)  
  82  6:54  Probe (Chrono Boost)  
  82  6:59  Stalker x2  
  82  7:00  Stalker  
  88  7:01  Probe (Chrono Boost)  
  88  7:05  Probe (Chrono Boost)  
  91  7:11  Gateway, Probe (Chrono Boost)  
  91  7:12  Probe (Chrono Boost)  
  91  7:13  Probe (Chrono Boost)  
  93  7:17  Probe (Chrono Boost)  
  93  7:18  Probe (Chrono Boost)  
  93  7:22  Sentry  
  97  7:23  Assimilator, Probe  
  97  7:24  Assimilator, Pylon  
  97  7:26  Stalker  
  97  7:27  Protoss Ground Weapons Level 2 (Chrono Boost)  
  97  7:28  Probe  
  101  7:33  Probe  
  101  7:35  Probe  
  103  7:38  Gateway  
  103  7:41  Observer  
  103  7:43  Phoenix  
  104  7:48  Photon Cannon  
  104  7:49  Pylon  
  104  7:51  Probe  
  105  7:56  Photon Cannon  
  106  7:58  Dark Templar, Robotics Bay  
  107  8:06  Pylon  
  107  8:14  Robotics Facility  
  107  8:17  Photon Cannon  
  107  8:18  Gateway  
  107  8:21  Gateway  
  107  8:25  Gateway  
  107  8:29  Gateway  
  105  8:35  Nexus  
  105  8:36  Observer (Chrono Boost)  
  105  8:37  Pylon  
  105  8:39  Probe  
  107  8:52  Probe  
  107  8:55  Disruptor (Chrono Boost), Photon Cannon, Shield Battery  
  111  8:58  Photon Cannon  
  111  8:59  Photon Cannon  
  111  9:01  Gateway  
  114  9:03  Disruptor (Chrono Boost)  
  114  9:09  Pylon  
  116  9:11  Stalker x3  
  122  9:19  Dark Templar x3  
  122  9:21  Shadow Stride  
  126  9:25  Disruptor  
  126  9:31  Disruptor  
  130  9:40  Dark Templar  
  130  9:41  Dark Templar  
  130  9:42  Zealot x3  
  134  9:53  Stalker x2  
  134  9:59  Stalker  
  140  10:01  Disruptor (Chrono Boost)  
  140  10:02  Zealot x3  
  140  10:05  Assimilator  
  145  10:07  Assimilator  
  145  10:11  Observer (Chrono Boost)  
  145  10:13  Probe x2  
  148  10:14  Probe  
  148  10:15  Probe  
  148  10:17  Protoss Ground Weapons Level 3 (Chrono Boost)  
  150  10:25  Probe x2  
  150  10:26  Probe  
  150  10:27  Pylon, Probe  
  154  10:34  Stalker  
  156  10:38  Pylon  
  156  10:39  Pylon  
  156  10:40  Shield Battery  
  156  10:45  Pylon x2, Disruptor  
  156  10:46  Dark Templar x2  
  163  10:50  Pylon  
  163  10:55  Pylon  
  163  11:05  Photon Cannon  
  163  11:06  Nexus, Dark Templar x2  
  163  11:09  Pylon  
  167  11:14  Zealot x4  
  168  11:33  Disruptor  
  161  11:59  Stalker x4  
  161  12:00  Stalker x7  
  171  12:01  Disruptor  
  170  12:09  Disruptor  
  163  12:28  Dark Templar  
  163  12:29  Dark Templar x8  
  178  12:34  Probe x2  
  178  12:36  Photon Cannon  
  180  12:48  Disruptor x2  
  158  13:23  Stalker x2  
  158  13:24  Stalker x9  
  168  13:49  Photon Cannon  
  168  13:51  Stalker x10  
  168  13:53  Observer  
  186  14:05  Observer  
  174  14:15  Observer  
  175  14:23  Probe x2  
  169  14:24  Probe  
  169  14:25  Probe  
  169  14:26  Zealot x3  
  175  14:32  Stalker  
  175  14:33  Gravitic Boosters (Chrono Boost), Stalker x7  
  175  14:36  Protoss Shields Level 1  
  187  14:44  Observer  
  187  14:45  Observer  
  183  15:14  Dark Templar x4  
  183  15:15  Dark Templar x4  
  183  15:18  Nexus  
  183  15:20  Observer  
  183  15:21  Pylon  
  199  15:23  Pylon  
  199  15:24  Pylon  
  199  15:27  Assimilator  
  199  15:31  Assimilator  
  199  15:32  Pylon  
  197  15:53  Disruptor  
  192  16:11  Photon Cannon  
  192  16:13  Photon Cannon  
  192  16:15  Photon Cannon  
  192  16:16  Photon Cannon  
  187  16:32  Stargate  
  187  16:33  Fleet Beacon, Stargate  
  187  16:38  Stargate  
  187  16:42  Observer  
  187  16:47  Probe x2  
  190  16:48  Probe  
  183  17:03  Protoss Air Weapons Level 1 (Chrono Boost)  
  183  17:10  Photon Cannon  
  181  17:23  Carrier (Chrono Boost)  
  193  17:37  Carrier (Chrono Boost)  
  193  17:39  Carrier x2 (Chrono Boost)  
  181  18:02  Stalker x6  
  181  18:03  Stalker  
  179  18:10  Carrier (Chrono Boost)  
  179  18:12  Nexus  
  185  18:16  Pylon  
  185  18:17  Assimilator  
  185  18:19  Assimilator  
  185  18:21  Carrier x2 (Chrono Boost)  
  197  18:37  Pylon  
  195  18:49  Pylon  
  184  19:05  Carrier  
  179  19:21  Stalker x4  
  179  19:23  Carrier  
  193  19:24  Carrier  
  199  19:37  Dark Templar  
  199  19:38  Dark Templar x3  
  200  19:44  Probe x2  
  200  20:05  Protoss Air Weapons Level 2 (Chrono Boost)  
  183  20:16  Disruptor  
  160  20:25  Disruptor  
  145  20:29  Carrier (Chrono Boost)  
  151  20:37  Carrier (Chrono Boost)  
  148  20:44  Carrier (Chrono Boost)  
  148  20:52  Zealot x4  
  148  20:53  Zealot x7  
  166  21:01  Disruptor  
  166  21:04  Disruptor  
  164  21:23  Carrier  
  158  21:38  Observer  
  154  21:43  Disruptor  
  154  21:45  Zealot x5  
  147  22:06  Stalker x5  
  157  22:20  Stalker x3  
  151  22:56  Nexus  
  137  23:43  Zealot x8  
Show
View Real Time Build Order
Export as new Build Order

Gerald Protoss 

Build Orders:  

Get SALT Encoding   

  12  0:00  Probe  
  13  0:12  Probe  
  14  0:17  Pylon  
  14  0:24  Probe (Chrono Boost)  
  15  0:36  Gateway  
  15  0:40  Probe (Chrono Boost)  
  16  0:44  Probe (Chrono Boost)  
  17  0:52  Assimilator  
  17  0:56  Probe (Chrono Boost)  
  18  1:01  Assimilator  
  18  1:08  Probe (Chrono Boost)  
  19  1:13  Pylon  
  19  1:14  Probe (Chrono Boost)  
  20  1:22  Probe  
  21  1:29  Cybernetics Core  
  21  1:31  Zealot  
  23  1:35  Probe  
  24  1:44  Pylon  
  24  1:47  Probe  
  25  1:59  Probe  
  26  2:03  Warp Gate (Chrono Boost)  
  26  2:05  Stalker  
  28  2:14  Probe  
  29  2:16  Gateway  
  29  2:23  Cybernetics Core  
  29  2:27  Probe  
  30  2:31  Pylon  
  30  2:40  Probe  
  31  2:52  Probe  
  32  3:05  Nexus  
  32  3:09  Stalker  
  33  3:21  Shield Battery  
  33  3:24  Shield Battery  
  33  3:31  Pylon  
  33  3:32  Probe  
  34  3:44  Probe  
  34  3:45  Stalker  
  37  3:53  Twilight Council  
  37  3:56  Probe  
  37  4:02  Stalker  
  39  4:08  Shield Battery, Probe (Chrono Boost)  
  40  4:18  Probe (Chrono Boost)  
  40  4:21  Probe (Chrono Boost)  
  42  4:24  Stalker  
  42  4:27  Stalker  
  42  4:30  Probe (Chrono Boost)  
  47  4:32  Probe (Chrono Boost)  
  47  4:36  Blink (Chrono Boost)  
  46  4:41  Probe  
  46  4:43  Probe  
  48  4:47  Sentry  
  50  4:53  Pylon  
  50  4:54  Probe  
  50  4:57  Forge  
  51  5:01  Probe  
  51  5:06  Probe  
  53  5:12  Stalker  
  53  5:13  Probe  
  56  5:19  Probe  
  57  5:29  Protoss Ground Weapons Level 1  
  57  5:31  Robotics Facility  
  57  5:33  Stalker  
  61  5:36  Pylon  
  61  5:42  Assimilator, Probe  
  60  5:47  Nexus  
  60  5:49  Pylon  
  60  5:53  Stalker  
  62  6:01  Gateway  
  62  6:04  Probe  
  62  6:09  Stalker  
  65  6:12  Probe  
  65  6:17  Probe  
  68  6:18  Observer  
  68  6:24  Probe  
  69  6:27  Gateway x2  
  69  6:28  Photon Cannon  
  70  6:32  Probe  
  70  6:39  Probe  
  72  6:40  Observer, Gateway  
  72  6:43  Charge  
  72  6:45  Probe  
  73  6:51  Probe  
  74  6:57  Gateway, Probe (Chrono Boost)  
  75  7:01  Gateway  
  75  7:03  Probe (Chrono Boost)  
  75  7:06  Observer  
  75  7:07  Probe (Chrono Boost)  
  78  7:09  Probe (Chrono Boost)  
  78  7:14  Probe (Chrono Boost)  
  81  7:16  Probe (Chrono Boost)  
  81  7:17  Gateway  
  81  7:19  Gateway, Probe (Chrono Boost)  
  81  7:21  Pylon  
  81  7:22  Pylon, Probe  
  82  7:23  Gateway  
  82  7:27  Probe  
  82  7:29  Assimilator  
  84  7:30  Templar Archives  
  84  7:36  Protoss Ground Weapons Level 2 (Chrono Boost)  
  84  7:48  Zealot x5  
  84  7:49  Zealot  
  84  7:50  Probe  
  97  8:02  Nexus  
  97  8:03  Pylon  
  97  8:09  Probe  
  97  8:11  Photon Cannon  
  98  8:13  Photon Cannon  
  98  8:16  High Templar x4  
  98  8:17  Zealot  
  108  8:21  Archon x2  
  108  8:23  Pylon  
  108  8:27  Warp Prism (Chrono Boost)  
  108  8:30  Observer  
  110  8:36  Probe  
  110  8:41  Pylon x2  
  111  8:42  High Templar x2  
  111  8:43  Zealot x3  
  111  8:45  Probe  
  111  8:46  Pylon  
  121  8:54  Observer  
  121  8:55  Probe  
  122  8:56  Photon Cannon  
  122  8:58  Shield Battery  
  122  9:00  Archon  
  122  9:01  Probe  
  123  9:03  Robotics Bay  
  123  9:06  Assimilator  
  123  9:07  Robotics Facility  
  123  9:11  Assimilator  
  123  9:20  Zealot x6  
  123  9:23  Zealot  
  137  9:25  Zealot  
  138  9:32  Observer  
  112  9:48  Probe  
  112  9:49  Stalker x9  
  130  9:56  Probe  
  130  9:57  Probe  
  132  10:06  Disruptor (Chrono Boost)  
  133  10:08  Disruptor (Chrono Boost)  
  133  10:09  Assimilator, Probe x2 (Chrono Boost)  
  133  10:10  Assimilator  
  122  10:17  Probe (Chrono Boost)  
  122  10:18  Probe (Chrono Boost)  
  122  10:21  Photon Cannon, Probe (Chrono Boost)  
  125  10:25  Probe (Chrono Boost)  
  126  10:29  Probe (Chrono Boost)  
  126  10:32  Disruptor (Chrono Boost)  
  126  10:33  Observer  
  126  10:34  Probe (Chrono Boost)  
  126  10:35  Disruptor (Chrono Boost)  
  131  10:36  Probe (Chrono Boost)  
  131  10:37  Probe (Chrono Boost)  
  131  10:38  Probe (Chrono Boost)  
  136  10:47  Probe (Chrono Boost)  
  136  10:48  Protoss Ground Armor Level 1 (Chrono Boost), Probe (Chrono Boost)  
  140  10:51  Probe (Chrono Boost)  
  140  10:52  Probe (Chrono Boost), Dark Shrine  
  140  10:53  Probe (Chrono Boost)  
  140  10:54  Probe (Chrono Boost)  
  142  10:58  Probe  
  142  11:00  Photon Cannon  
  142  11:02  Pylon, Disruptor (Chrono Boost)  
  143  11:09  Shield Battery, Probe  
  150  11:12  Disruptor (Chrono Boost), Photon Cannon  
  150  11:14  Shield Battery, Photon Cannon  
  150  11:15  Pylon, Probe  
  149  11:31  Disruptor  
  143  11:41  Disruptor  
  143  11:42  Observer, Zealot x6  
  143  11:43  Stalker x3  
  143  11:44  Stalker x2  
  143  11:45  Probe  
  143  12:06  Disruptor  
  139  12:16  Disruptor  
  139  12:18  Stalker x3  
  139  12:19  Stalker x3  
  139  12:28  Probe  
  140  12:30  Photon Cannon  
  140  12:35  Photon Cannon  
  140  12:36  Photon Cannon  
  140  12:38  Photon Cannon  
  140  12:42  Disruptor  
  143  12:48  Dark Templar x2  
  143  12:49  Dark Templar x4  
  155  12:52  Disruptor  
  154  13:09  Zealot x2  
  145  13:21  Stalker x2  
  145  13:22  Stalker x5  
  145  13:23  Disruptor  
  145  13:26  Observer  
  144  13:34  Nexus  
  136  13:48  Stalker x3  
  138  13:50  Probe  
  138  13:51  Probe  
  138  13:52  Disruptor  
  147  13:56  Zealot x5  
  155  14:10  Stalker  
  155  14:11  Photon Cannon  
  155  14:12  Shield Battery  
  155  14:13  Disruptor  
  148  14:25  Dark Templar x4  
  156  14:35  Probe  
  156  14:40  Probe  
  156  14:45  Disruptor  
  157  14:46  Probe  
  157  14:47  Probe  
  157  14:51  Zealot x6  
  156  15:15  Pylon  
  156  15:17  Pylon  
  156  15:19  Pylon  
  156  15:21  Pylon  
  156  15:24  Observer  
  156  15:27  Pylon  
  156  15:35  Nexus, Disruptor  
  141  15:40  Zealot x6  
  141  15:41  Zealot x3  
  157  15:44  Disruptor  
  156  15:54  Photon Cannon  
  150  16:11  Disruptor, Stalker  
  150  16:12  Stalker x7  
  150  16:17  Observer  
  168  16:20  Disruptor  
  169  16:29  Observer  
  169  16:30  Photon Cannon  
  166  16:47  Disruptor  
  169  16:56  Observer, Protoss Ground Weapons Level 3 (Chrono Boost)  
  164  17:18  Stalker x2  
  164  17:19  Stalker x4  
  174  17:25  Photon Cannon  
  174  17:27  Photon Cannon  
  174  17:28  Pylon  
  173  17:37  Nexus  
  154  17:51  Stalker x3  
  154  17:52  Stalker x2  
  154  17:53  Disruptor x2  
  167  18:00  Zealot x3  
  167  18:01  Zealot x3  
  176  18:17  Dark Templar x2  
  176  18:18  Gravitic Boosters (Chrono Boost)  
  180  18:24  Pylon, Observer  
  180  18:25  Pylon  
  180  18:27  Pylon  
  181  18:37  Nexus  
  181  18:38  Pylon, Observer  
  181  18:39  Pylon  
  178  18:44  Dark Templar x5  
  182  19:02  Zealot x6  
  175  19:25  Stalker x5  
  168  19:43  Observer x2  
  165  19:55  Stalker x4  
  134  20:21  Stalker x5  
  142  20:30  Stalker x2  
  146  20:41  Dark Templar x2  
  148  21:07  Nexus  
  147  21:29  Observer  
  107  21:47  Stalker x6  
  100  22:02  Observer  
  100  22:04  Stalker x3  
  102  22:20  Dark Templar  
  70  22:52  Stalker x7  
  80  23:10  Stalker x3  
  80  23:19  Stalker  
  82  23:24  Dark Templar  
  62  23:45  Dark Templar  
  62  23:46  Zealot  

Tags
 
Add a new tag
Caveats
  • Supply blocks, unpowered buildings, or Contaminate may cause inaccurate times.
  • Supply counts are checked every 10 seconds.